 Dungeon Crawl Stone Soup version 0.24.0-123-gd5b16e6ec5 (webtiles) character file.

Game seed: 13763205525928653989, levelgen mode: deterministic

163 Bergy the Poker (level 5, -1/41 HPs)
             Began as a Demonspawn Abyssal Knight on Jan 7, 2020.
             Was a Believer of Lugonu.
             Slain by a gnoll (3 damage)
             ... on level 3 of the Dungeon.
             The game lasted 00:07:35 (3518 turns).

Bergy the Poker (Demonspawn Abyssal Knight)         Turns: 3518, Time: 00:07:36

Health: -1/41      AC:  3    Str: 13    XL:     5   Next: 20%
Magic:  0/6        EV: 11    Int: 14    God:    Lugonu [**....]
Gold:   265        SH:  0    Dex: 12    Spells: 4/4 levels left

rFire    . . .     SeeInvis .   a - +1 spear
rCold    . . .     Gourm    .   (no shield)
rNeg     . . .     Faith    .   i - +0 leather armour
rPois    .         Spirit   +   (no helmet)
rElec    .         Reflect  .   (no cloak)
rCorr    .         Harm     .   (no gloves)
MR       .....                  (boots unavailable)
Stlth    +.........             (no amulet)
HPRegen  0.13/turn              (no ring)
MPRegen  0.10/turn              (no ring)

@: no status effects
A: hooves 3, magic shield
a: Depart the Abyss, Bend Space, Renounce Religion


You were on level 3 of the Dungeon.
You worshipped Lugonu.
Lugonu was pleased with you.
You were not hungry.

You visited 1 branch of the dungeon, and saw 3 of its levels.
You visited the Abyss 1 time.

You collected 265 gold pieces.

Inventory:

Hand Weapons
 a - a +1 spear (weapon)
 l - a +0 mace of protection
Armour
 i - a +0 leather armour (worn)
 q - a +2 pair of boots
Jewellery
 d - an uncursed ring of wizardry {unknown}
 m - a +1 ring of protection {unknown}
Scrolls
 f - 2 scrolls of identify
 g - 2 scrolls of teleportation
 k - a scroll of magic mapping {unknown}
 o - 2 scrolls of enchant weapon {unknown}
 p - a scroll of amnesia
Potions
 e - 3 potions of curing {unknown}
 h - 2 potions of heal wounds {unknown}
 j - 3 potions of lignification {unknown}
 n - 2 potions of haste {unknown}
Comestibles
 b - a chunk of flesh
 c - 3 rations


   Skills:
 - Level 3.0 Fighting
 * Level 5.0 Polearms
 - Level 1.7 Armour
 - Level 0.8 Dodging
 - Level 2.4 Invocations


You had 4 spell levels left.
You didn't know any spells.
Your spell library was empty.

Dungeon Overview and Level Annotations

Branches:
Dungeon (3/15)

Altars:
Gozag

Annotations:
D:2 1 runed translucent door, Crazy Yiuf


Innate Abilities, Weirdness & Mutations

You have hooves in place of feet.
When hurt, damage is shared between your health and your magic reserves.


Message History

You are too injured to fight recklessly!
You hit the gnoll but do no damage.
The gnoll is lightly wounded.
A gnoll comes into view. It is wielding a +0 halberd of pain.
The gnoll hits you.
The gnoll hits you from afar with a +0 halberd!
* * * LOW HITPOINT WARNING * * *
The gnoll shouts!
You hit the gnoll but do no damage. Your kick misses the gnoll.
The gnoll closely misses you.
You barely miss the gnoll. The gnoll closely misses you. The gnoll hits you.
* * * LOW HITPOINT WARNING * * *
You hit the gnoll. You kick the gnoll!
The gnoll is almost dead.
The gnoll hits you from afar with a +0 halberd.
* * * LOW HITPOINT WARNING * * *
You barely miss the gnoll.
The gnoll is almost dead.
The gnoll hits you.
You die...

....#.#.# ## ....... ..
...#.# .# ..... .# ...# #'.#
.# ....# #.. .# ....## #.#
.###..(.##.#)#######
.#..........g(gg@..#
.#..........######.#
.#..........######.#########
.).........................#
............######.######.##
##..........###............#
#.......)..'.........#.#.##
##..........######.##.#.#.#
..............####.##.#.#.#


You could see 3 gnolls.

Vanquished Creatures
  A worker ant (D:2)
  A gnoll (D:3)
  6 adders
  2 worms (D:2)
  3 dart slugs
  2 leopard geckos (D:3)
  3 orcs (D:3)
  A ball python (D:3)
  4 bats
  2 giant cockroaches
  4 hobgoblins
  7 kobolds
  2 quokkas (D:3)
  6 frilled lizards
  10 goblins
  7 rats
61 creatures vanquished.

Notes
Turn   | Place    | Note
-------+----------+-------------------------------------------
     0 | Abyss:1  | Bergy the Demonspawn Abyssal Knight began the quest for the
                  | Orb.
     0 | Abyss:1  | Reached XP level 1. HP: 18/18 MP: 2/2
    11 | D:1      | Escaped the Abyss
    51 | D:1      | Reached skill level 2 in Polearms
   238 | D:1      | Gained mutation: When hurt, damage is shared between your
                  | health and your magic reserves. [demonic ancestry]
   238 | D:1      | Reached XP level 2. HP: 19/24 MP: 3/3
   743 | D:2      | Reached * piety under Lugonu
   849 | D:2      | Found an opulent altar of Gozag.
   872 | D:2      | Reached skill level 3 in Polearms
   872 | D:2      | Gained mutation: You have large cloven feet. [demonic
                  | ancestry]
   872 | D:2      | Reached XP level 3. HP: 15/29 MP: 2/4
  1374 | D:2      | Found a runed translucent door.
  1375 | D:2      | Noticed Crazy Yiuf
  1788 | D:2      | Reached skill level 4 in Polearms
  1788 | D:2      | Gained mutation: You have hoof-like feet. [demonic
                  | ancestry]
  1788 | D:2      | Reached XP level 4. HP: 13/35 MP: 1/5
  3290 | D:3      | Gained mutation: You have hooves in place of feet. [demonic
                  | ancestry]
  3290 | D:3      | Reached XP level 5. HP: 35/41 MP: 6/6
  3357 | D:3      | Reached ** piety under Lugonu
  3505 | D:3      | Reached skill level 5 in Polearms
  3517 | D:3      | HP: 1/41 [gnoll/+0 halberd (5)]
  3518 | D:3      | Slain by a gnoll

Levels and vault maps discovered:
D:1:      dpeg_arrival_pits, layout_rooms, corexii_leaking_fountain,
          minmay_misc_feat_cross
D:2:      layout_loops_ring, nicolae_gozag_seed_capital, uniq_crazy_yiuf_cottage
D:3:      layout_basic, serial_glass, glass_columns_c, glass_columns_a,
          kennysheep_generic_room_13

Skill      XL: |  1  2  3  4  5 |
---------------+----------------+-----
Polearms       | 2 3 4 5 |  5.0
Fighting       | |  3.0
Armour         | |  1.7
Dodging        | |  0.8
Invocations    | |  2.4

Action                   |  1- 3 |  4- 6 || total
-------------------------+-------+-------++-------
Melee: Spear             |   113 |   110 ||   223
       Kick              |    14 |    17 ||    31
Invok: Depart the Abyss  |     1 |       ||     1
  Use: Scroll            |       |     4 ||     4
  Eat: Chunk             |     2 |     3 ||     5
       Ration            |       |     1 ||     1
Armor: Leather armour    |    14 |    18 ||    32
Dodge: Dodged            |    36 |    53 ||    89
